 Dungeon Crawl Stone Soup version 0.31-a0-234-gad7ace16ef (webtiles) character file.

Game seed: 4602765795776866749

25 qw the Shooter (level 3, -3/21 HPs)
             Began as a Gargoyle Hexslinger on July 9, 2023.
             Slain by a phantom (5 damage)
             ... on level 2 of the Dungeon.
             The game lasted 00:00:30 (1159 turns).

qw the Shooter (Gargoyle Hexslinger)                Turns: 1159, Time: 00:00:30

Health: -3/21      AC:  9    Str: 11    XL:     3   Next: 6%
Magic:  4/4        EV: 10    Int: 13    God:
Gold:   135        SH:  0    Dex: 14    Spells: 3/4 levels left

rFire   . . .        Y - +1 sling
rCold   . . .        (no shield)
rNeg    + . .        d - +0 ring mail
rPois   inf          (no helmet)
rElec   +            e - +0 cloak
rCorr   .            (no gloves)
SInv    +            (no boots)
Will    .....        (no amulet)
Stlth   +            a - ring of see invisible
HPRegen 0.23/turn    (no ring)
MPRegen 0.09/turn

%: no passive effects
@: no status effects
A: sickness immunity, AC +3, negative energy resistance 1, electricity
resistance, torment resistance 1, petrification resistance
a: no special abilities


You were on level 2 of the Dungeon.
You visited 1 branch of the dungeon, and saw 2 of its levels.

You collected 135 gold pieces.


Innate Abilities, Weirdness & Mutations

You are immune to sickness and miasma.
Your stone body is resilient. (AC +3)
You are immune to poison.
You resist negative energy. (rN+)
You are resistant to electric shocks. (rElec)
You are resistant to unholy torment.
You are immune to petrification.


   Skills:
 - Level 2.0 Fighting
 - Level 3.0 Ranged Weapons
 + Level 0.2 Armour
 - Level 1.5 Dodging
 - Level 1.0 Spellcasting
 - Level 2.6 Hexes


You had 3 spell levels left.
You knew the following spells:

 Your Spells              Type           Power      Damage    Failure   Level
a - Slow                  Hex            28%        N/A       22%         1

Your spell library contained the following spells:

 Spells                   Type           Power      Damage    Failure   Level
 Inner Flame              Hex/Fire       4%         N/A       75%         3
 Portal Projectile        Hex/Tloc       8%         N/A       75%         3
 Cause Fear               Hex            3%         N/A       92%         4

Inventory:

Hand Weapons
 Y - a +1 sling (weapon)
Armour
 d - a +0 ring mail (worn)
 e - a +0 cloak (worn)
Jewellery
 a - a ring of see invisible (left hand)
Scrolls
 c - a scroll of brand weapon {unknown}
Potions
 b - a potion of heal wounds {unknown}
 f - a potion of curing {unknown}
 h - a potion of lignification {unknown}

Dungeon Overview and Level Annotations

Branches:
Dungeon (2/15)

Altars:

Shops:
D:1 [


Message History

You shoot a sling bullet. The sling bullet hits the phantom.
The phantom is heavily damaged.
The phantom hits you but does no damage.
You shoot a sling bullet.
The sling bullet barely misses the phantom.
The phantom hits you but does no damage.
The phantom hits you.
The phantom blinks!
You blink.
Enter note:
Enter note: You shoot a sling bullet.
The sling bullet misses the phantom.
The phantom hits you but does no damage.
You shoot a sling bullet.
The sling bullet hits the phantom but does no damage.
The phantom is heavily damaged.
The phantom hits you. The phantom completely misses you.
You shoot a sling bullet.
The sling bullet hits the phantom but does no damage.
The phantom is heavily damaged.
The phantom hits you but does no damage.
You shoot a sling bullet. The sling bullet hits the phantom.
The phantom is severely damaged.
The phantom hits you but does no damage.
You shoot a sling bullet.
The sling bullet closely misses the phantom.
The phantom barely misses you.
The phantom hits you but does no damage.
You shoot a sling bullet. The sling bullet hits the phantom.
The phantom is severely damaged.
The phantom barely misses you.
You shoot a sling bullet.
The sling bullet closely misses the phantom.
The phantom hits you.
The phantom blinks!
You blink.
You shoot a sling bullet.
The sling bullet barely misses the phantom.
The phantom hits you but does no damage.
The phantom misses you.
You shoot a sling bullet.
The sling bullet barely misses the phantom.
The phantom hits you.
You die...

................>.......
##.###.#.#######.#######
##.....#.# #....[#
.......#.###....[######
.........#............#
.......###.#.....####.#
.^.....# # #.(...# #.#
.......# #..(W.# #!#
.......# #....@####.#+##
.......# #.............#
........ #####.........#
......... #.........#
#.........# #.....ยค...#
#.........# #.##...#.##
#. #.###.#


You could see a phantom.

Vanquished Creatures
  A dart slug (D:1)
  A ball python (D:1)
  2 endoplasms (D:1)
  A giant cockroach (D:1)
  A goblin (D:1)
  4 hobgoblins
  2 quokkas (D:1)
  4 bats (D:1)
  4 kobolds (D:1)
20 creatures vanquished.

Notes
Turn   | Place    | Note
-------+----------+-------------------------------------------
     0 | D:1      | qw the Gargoyle Hexslinger began the quest for the Orb.
     0 | D:1      | Reached XP level 1. HP: 12/12 MP: 2/2
     0 | D:1      | 0 ||| qw: Version: 0.3-a-51-g015441d
     0 | D:1      | 0 ||| qw: Game counter: 4226
     0 | D:1      | 0 ||| qw: Melee chars always use a shield: true
     0 | D:1      | 0 ||| qw: God list: Okawaru
     0 | D:1      | 0 ||| qw: Allow faded altars: false
     0 | D:1      | 0 ||| qw: Do Orc after clearing Dungeon:15 true
     0 | D:1      | 0 ||| qw: Do second Lair branch before Depths: true
     0 | D:1      | 0 ||| qw: Lair rune preference: random
     0 | D:1      | 0 ||| qw: Goals: Normal
     0 | D:1      | 0 ||| PLANNING D:1-11
   260 | D:1      | 260 ||| Stepping ~*~*~tactically~*~*~ (water).
   265 | D:1      | 265 ||| UPGRADING to +0 cloak.
   271 | D:1      | Reached XP level 2. HP: 16/16 MP: 3/3
   271 | D:1      | 271 ||| READING scroll labelled QAIPAY TAYLYU.
   290 | D:1      | 290 ||| READING scroll labelled WALAEM POBED.
   291 | D:1      | 291 ||| DROPPING scroll of poison.
   294 | D:1      | 294 ||| Stepping ~*~*~tactically~*~*~ (water).
   436 | D:1      | Reached skill level 3 in Ranged Weapons
   490 | D:1      | Found Vuoser's Armour Boutique.
   725 | D:1      | 725 ||| UPGRADING to +0 leather armour.
   735 | D:1      | 735 ||| DROPPING +0 robe.
   736 | D:1      | 736 ||| UPGRADING to +0 ring mail.
   746 | D:1      | 746 ||| DROPPING +0 leather armour.
   747 | D:1      | 747 ||| UPGRADING to ring of see invisible.
   748 | D:1      | 748 ||| READING scroll labelled PAZEUT UPOTE.
   752 | D:1      | 752 ||| READING scroll labelled LUIROSM WITH.
  1084 | D:2      | Reached XP level 3. HP: 15/21 MP: 4/4
  1131 | D:2      | Noticed a phantom
  1150 | D:2      | HP: 4/21 [phantom (3)]
  1152 | D:2      | HP: 1/21 [phantom (4)]
  1157 | D:2      | HP: 1/21 [phantom (1)]
  1159 | D:2      | Slain by a phantom

Levels and vault maps discovered:
D:1:      lemuel_arrival_rhombus, layout_loops_ring, serial_shops, shop_coins,
          serial_bayou_lagoon_a
D:2:      layout_basic, shapermc_ecumenical_altar_totnotflames, minmay_vboxes

Skill      XL: |  1  2 |
---------------+-------+-----
Ranged Weapons | 3 |  3.0
Fighting       | 2 |  2.0
Armour         | |  0.2
Dodging        | |  1.5
Spellcasting   | |  1.0
Hexes          | |  2.6

Action                     || total
---------------------------++-------
   Fire: Sling             ||   126
    Use: Scroll            ||     4
 Armour: Robe              ||    16
         Ring mail         ||    17
  Dodge: Dodged            ||    46

Table legend:
 A = Non-vault XP
 B = Vault XP
 C = Vault XP percentage of total XP
 D = Non-vault monster count
 E = Vault monster count
 F = Vault count percentage of total count
                 A         B        C        D         E       F
            +---------+---------+-------+---------+---------+-------
      Total |      37 |       0 |   0.0 |      20 |       0 |   0.0
            +---------+---------+-------+---------+---------+-------
        D:1 |      33 |       0 |   0.0 |      18 |       0 |   0.0
        D:2 |       4 |       0 |   0.0 |       2 |       0 |   0.0
            +---------+---------+-------+---------+---------+-------
